 Dungeon Crawl Stone Soup version 0.18.1-50-g88ac8fd (webtiles) character file.

95 wamma the Slasher (level 4, -11/37 HPs)
             Began as a Minotaur Gladiator on Sept 22, 2016.
             Killed from afar by a white imp (12 damage)
             ... with a puff of frost
             ... summoned by Natasha
             ... on level 2 of the Dungeon.
             The game lasted 00:06:36 (1619 turns).

wamma the Slasher (Minotaur Gladiator)              Turns: 1619, Time: 00:06:37

Health: -11/37     AC:  4    Str: 20    XL:     4   Next: 39%
Magic:  3/3        EV: 13    Int:  5    God:
Gold:   104        SH:  0    Dex: 11    Spells: 0 memorised, 3 levels left

rFire  . . .     SeeInvis .     a - +0 long sword
rCold  . . .     Gourm    .     b - +0 leather armour
rNeg   . . .     Faith    .     (no shield)
rPois  .         Spirit   .     c - +1 hat
rElec  .         Dismiss  .     (no cloak)
rCorr  .         Reflect  .     (no gloves)
SustAt .         Harm     .     (no boots)
MR     .....                    (no amulet)
Stlth  ..........               (no ring)
                                q - ring of loudness (curse)

@: slowed, very slow, not resistant to hostile enchantments, extremely
unstealthy
A: retaliatory headbutt, horns 2
a: no special abilities


You were on level 2 of the Dungeon.
You were not hungry.

You visited 1 branch of the dungeon, and saw 2 of its levels.

You collected 104 gold pieces.

Inventory:

Hand Weapons
 a - a +0 long sword (weapon)
 l - a +0 dagger
Missiles
 d - 3 throwing nets (quivered)
Armour
 b - a +0 leather armour (worn)
 c - a +1 hat (worn)
Jewellery
 q - a cursed ring of loudness (left hand)
Scrolls
 e - 2 scrolls of teleportation
 m - 2 scrolls of identify
 n - 3 scrolls of enchant weapon
 o - a scroll of enchant armour
Potions
 g - a potion of heal wounds {unknown}
 h - a potion of curing {unknown}
Comestibles
 f - 2 bread rations
 i - a beef jerky
 j - 2 chunks of flesh
 k - 3 fruits
 p - a meat ration


   Skills:
 + Level 2.8 Fighting
 + Level 4.5 Long Blades
 + Level 2.2 Throwing
 + Level 1.7 Armour
 + Level 4.2 Dodging
 + Level 0.5 Stealth


You had 3 spell levels left.
You didn't know any spells.

Dungeon Overview and Level Annotations

Branches:
Dungeon (2/15)

Altars:

Annotations:
D:2 Natasha


Innate Abilities, Weirdness & Mutations

You reflexively headbutt those who attack you in melee.
You have a pair of horns on your head.


Message History

Natasha casts a spell at you.
You feel as though you will be slow longer.
The white imp completely misses you.
You miss Natasha. Your headbutt misses Natasha.
Natasha is almost dead.
Natasha mumbles some strange words.
The white imp hits you but does no damage.
Natasha claws you but does no damage. The white imp gestures at you.
The puff of frost hits you!
* * * LOW HITPOINT WARNING * * *
Natasha mewls in sadness.
Natasha casts a spell at you. The magic dart hits you!
* * * LOW HITPOINT WARNING * * *
Natasha mumbles some strange words.
The white imp misses you. The white imp gestures at you.
The puff of frost hits you!
You die...

#######.############ #.#...
#.......# #.#... #.#####.# #.#...
#.# #.# #[#... #.#####.######
#.#... #.#..........# #.#...
#.#.###.####.# #.#..( #.#.###.#
#.# #.#.#. #.#.....####@#######
#.#.#.
#.#.#..>......5h...#####.#.#.
#.#...........5.....##.....#.
#####.##.##.##......5...##.....#.
#........##.##..........##....)##
#.....#..##.##..........##.......
#.....#..##.............##....###
#.....#..######.........##....'..
#.....#..# #.....#.####.##....###


You could see an iron imp, Natasha, a crimson imp and a white imp.

Vanquished Creatures
  Natasha (twice) (D:2)
  An adder (D:2)
  An ooze (D:2)
  3 dart slugs
  5 bats
  3 giant cockroaches
  3 goblins (D:1)
  3 hobgoblins
  A giant newt (D:2)
  4 kobolds
  3 rats
29 creatures vanquished.

Notes
Turn   | Place    | Note
--------------------------------------------------------------
     0 | D:1      | wamma the Minotaur Gladiator began the quest for the Orb.
     0 | D:1      | Reached XP level 1. HP: 18/18 MP: 0/0
   165 | D:1      | Reached XP level 2. HP: 20/25 MP: 1/1
   725 | D:2      | Reached XP level 3. HP: 14/30 MP: 2/2
  1292 | D:2      | Noticed Natasha
  1298 | D:2      | Killed Natasha
  1298 | D:2      | Reached skill level 1 in Armour
  1483 | D:2      | Reached XP level 4. HP: 37/37 MP: 3/3
  1539 | D:2      | Noticed Natasha
  1547 | D:2      | Killed Natasha
  1605 | D:2      | Noticed Natasha
  1617 | D:2      | HP: 1/37 [Natasha/magic dart (10)]
  1619 | D:2      | Killed from afar by a white imp

Skill      XL: |  1  2  3 |
---------------+----------+-----
Long Blades    | 4 |  4.5
Dodging        | 4 |  4.2
Armour         | 1 |  1.7
Fighting       | |  2.8
Throwing       | |  2.2
Stealth        | |  0.5

Action                   |  1- 3 |  4- 6 || total
-------------------------+-------+-------++-------
Melee: Long sword        |    54 |    11 ||    65
       Headbutt          |     9 |     2 ||    11
  Use: Scroll            |     5 |       ||     5
       Potion            |     1 |       ||     1
  Eat: Chunk             |     2 |       ||     2
Armor: Leather armour    |    22 |     6 ||    28
Dodge: Dodged            |    51 |    15 ||    66
